 Dungeon Crawl Stone Soup version 0.30-a0-883-g5ad918d77d (webtiles) character file.

Game seed: 11601556719243494178

5674 CrazyBamboolord the Martial Artist (level 10, 0/78 HPs)
             Began as a Merfolk Transmuter on Mar 17, 2023.
             Was an Elder of Hepliaklqana.
             Slain by a yak (11 damage)
             ... on level 10 of the Dungeon.
             The game lasted 00:26:37 (9845 turns).

CrazyBamboolord the Martial Artist (MfTm)           Turns: 9845, Time: 00:26:38

Health: 0/78       AC:  7    Str: 14    XL:     10   Next: 75%
Magic:  17/19      EV: 12    Int: 14    God:    Hepliaklqana [****..]
Gold:   687        SH:  5    Dex: 14    Spells: 9/21 levels left

rFire   x . .      SeeInvis .      - Unarmed
rCold   + + +      Faith    .    a - melded orb {light}
rNeg    . . .      Spirit   .    E - melded +1 robe {rN+}
rPois   +          Reflect  +    m - melded +2 helmet
rElec   .          Rampage  .    I - melded +0 cloak
rCorr   .                        (gloves currently unavailable)
Will    .....                    (boots currently unavailable)
Stlth   ++                       s - amulet of reflection
HPRegen 0.33/turn                (no ring)
MPRegen 0.16/turn                (no ring)

@: ice-form, wereblooded
A: freezing attack, boosted hp, reduced essence, large, (nimble swimmer 2),
(mertail)
a: End Transformation, Renounce Religion, Recall Ancestor, Ancestor Identity,
Transference, Idealise


You were on level 10 of the Dungeon.
You worshipped Hepliaklqana.
Hepliaklqana was greatly pleased with you.
You were a creature of crystalline ice.
You visited 2 branches of the dungeon, and saw 11 of its levels.
You also visited: Bailey.

You collected 687 gold pieces.

Inventory:

Missiles
 z - a throwing net
Armour
 a - an orb of light (melded)
 m - a +2 helmet (melded)
 E - a +1 robe of positive energy (melded)
 I - a +0 cloak (melded)
Jewellery
 s - an amulet of reflection (around neck)
Wands
 o - a wand of flame (24)
 r - a wand of paralysis (27)
 w - a wand of polymorph (11)
 B - a wand of roots (11)
 F - a wand of digging (4)
Scrolls
 g - 2 scrolls of fog
 h - a scroll of torment {unknown}
 i - 2 scrolls of identify
 j - a scroll of immolation
 n - a scroll of enchant armour
 p - a scroll of teleportation
 q - a scroll of magic mapping
 t - a scroll of fear {unknown}
 u - a scroll of silence
 v - a scroll of butterflies {unknown}
 x - 2 scrolls of amnesia {unknown}
 y - a scroll of noise {unknown}
 D - a scroll of blinking
Potions
 b - 2 potions of heal wounds
 c - 9 potions of mutation
 d - 2 potions of degeneration
 e - 4 potions of resistance
 f - 3 potions of magic
 k - 3 potions of might
 l - 3 potions of brilliance
 G - a potion of invisibility


   Skills:
 * Level 4.8 Fighting
 * Level 7.1 Dodging
 + Level 3.0 Stealth
 - Level 1.2 Shields
 * Level 9.5 Unarmed Combat
 * Level 6.2 Spellcasting
 * Level 7.8 Transmutations
 * Level 5.1 Ice Magic
 * Level 5.0 Poison Magic
 * Level 2.8 Invocations


You had 9 spell levels left.
You knew the following spells:

 Your Spells              Type           Power      Damage    Failure   Level
a - Beastly Appendage     Tmut           52%        N/A       1%          1
b - Spider Form           Tmut/Pois      22%        N/A       3%          3
c - Wereblood             Tmut           26%        N/A       1%          2
d - Ice Form              Ice/Tmut       22%        N/A       11%         4
e - Passwall              Tmut/Erth      12%        N/A       4%          2

Your spell library contained the following spells:

 Spells                   Type           Power      Damage    Failure   Level
 Ignite Poison            Fire/Tmut/Pois 16%        N/A       8%          3
 Ensorcelled Hibernation  Hex/Ice        22%        N/A       9%          2
 Magic Dart               Conj           16%        1d3       16%         1
 Searing Ray              Conj           8%         2d4       24%         2
 Static Discharge         Conj/Air       8%         2-3/arc   24%         2
 Kindle Blastsparks       Fire/Tloc/Air  8%         2d10      43%         3
 Swiftness                Air            4%         N/A       43%         3
 Vhi's Electric Charge    Tloc/Air       8%         N/A       43%         3
 Animate Dead             Necr           4%         N/A       83%         4
 Fulminant Prism          Conj/Hex       2%         3d5       83%         4
 Freezing Cloud           Conj/Ice/Air   4%         6-21      91%         5
 Arcjolt                  Conj/Air       2%         1d12      99%         5
 Borgnjor's Vile Clutch   Necr/Erth      2%         N/A       99%         5
 Lightning Bolt           Conj/Air       2%         1d13      99%         5
 Death Channel            Necr           2%         N/A       100%        6


Dungeon Overview and Level Annotations

Branches:
Dungeon (10/15)            Temple (1/1) D:5            Lair (0/5) D:8
 Bailey (visited)
    Orc: D:9-12

Altars:
Ashenzari
Cheibriados
Dithmenos
Elyvilon
Fedhas
Gozag
Hepliaklqana
Kikubaaqudgha
Makhleb
Nemelex Xobeh
Okawaru
Qazlal
Ru
Trog
Uskayaw
Vehumet
Wu Jian
Xom
Yredelemnul
Zin
The Shining One

Shops:
D:4 (

Annotations:
D:7 3 runed translucent doors, tmaa's ghost, novice MiFi


Innate Abilities, Weirdness & Mutations

You are a creature of crystalline ice.
You have a powerful freezing melee attack.
Your maximum health is increased.
Your armour is entirely melded.
You are incapable of wielding weapons or throwing items.
Your life essence is reduced to manifest your ancestor. (-10% HP)
((You are very nimble when in or above water. (Stealth+, EV+, Speed+++)))
((Your lower body shifts to a powerful aquatic tail in water.))


Message History

The yak is moderately wounded.
The yak gores you.
You hit the yak. You freeze the yak.
The yak is moderately wounded.
The yak completely misses you.
You punch the yak! You freeze the yak.
The yak is severely wounded.
You punch the yak! You freeze the yak.
You feel a bit better.
You kill the yak!
You hit the orc. You freeze the orc.
You feel a bit better.
You kill the orc!
You hit the yak. You freeze the yak.
The yak is lightly wounded.
The yak gores you.
You hit the yak but do no damage.
The yak is lightly wounded.
The yak gores you.
You hit the yak. You freeze the yak.
The yak is moderately wounded.
The yak gores you.
You hit the yak. You freeze the yak.
The yak is heavily wounded.
You pummel the yak!! You freeze the yak.
You feel a bit better.
You kill the yak!
Your Dodging skill increases to level 7!
You punch the yak! You freeze the yak.
The yak is moderately wounded.
The yak gores you!
* * * LOW HITPOINT WARNING * * *
You hit the yak. You freeze the yak.
The yak is heavily wounded.
The yak gores you!
* * * LOW HITPOINT WARNING * * *
You hit the yak. You freeze the yak.
The yak is severely wounded.
The yak gores you but does no damage.
You punch the yak! You freeze the yak.
The yak is almost dead.
The yak gores you!
You die...

####.## #......# #.<...# .
.......# #.....# ##.#
.......# #.....# #..#
#......# ##.....#####.#
#......# #..###.......###
#......# ..##[..#.).....#
#).....#.
.....###.......####oo......
.##### #........YYYo)......
.# #.......###Yo######. .#
#.......# Y.## .#
###..######.## .# ##...##
#. .# #..### .. .#####.##
..# .#.....# .# ...#####


You could see 3 yaks, an orc warrior and 3 orcs.

Vanquished Creatures
  A hornet (D:9)
  Sigmund (D:3)
  2 wyverns (D:9)
  7 yaks
  An orc warrior (D:9)
  A black bear (D:4)
  A sky beast (D:8)
  An ogre (D:6)
  2 centaurs
  A kobold brigand (D:7)
  4 bullfrogs
  A scorpion (D:6)
  A gnoll sergeant (D:9)
  10 wights
  3 howler monkeys
  4 hounds
  A jelly (D:5)
  3 orc priests
  2 gnoll boudas
  An iguana (D:6)
  2 sleepcaps
  6 orc wizards
  14 gnolls
  3 adders
  3 river rats (D:5)
  A shadow imp (D:7)
  2 white imps
  An ufetubus (D:5)
  5 worms
  2 dart slugs
  30 orcs
  6 endoplasms
  2 giant cockroaches
  7 goblins
  11 hobgoblins
  4 quokkas
  6 ball pythons
  10 bats
  4 frilled lizards
  9 kobolds
  10 rats
186 creatures vanquished.

Vanquished Creatures (collateral kills)
  2 yaks
  A shadow (D:9)
  A wyvern (D:8)
  An orc warrior (Bailey)
  2 ice beasts (D:8)
  A centaur (D:6)
  A scorpion (D:5)
  3 wights
  A killer bee (D:8)
  A gnoll bouda (D:8)
  2 jellies
  An orc wizard (D:10)
  9 gnolls
  A river rat (D:5)
  3 adders (D:5)
  2 shadow imps (D:8)
  A white imp (D:5)
  An ufetubus (D:6)
  A dart slug (D:4)
  10 orcs
  An endoplasm (D:4)
  2 goblins
  A kobold (D:7)
  2 rats (D:5)
51 creatures vanquished.

Vanquished Creatures (others)
  4 knights
  9 plants (D:8)
13 creatures vanquished.

Grand Total: 250 creatures vanquished

Notes
Turn   | Place    | Note
-------+----------+-------------------------------------------
     0 | D:1      | CrazyBamboolord the Merfolk Transmuter began the quest for
                  | the Orb.
     0 | D:1      | Reached XP level 1. HP: 15/15 MP: 3/3
   176 | D:1      | Found a faded altar of an unknown god.
   179 | D:1      | Reached XP level 2. HP: 18/21 MP: 5/5
   447 | D:1      | Reached XP level 3. HP: 26/26 MP: 3/6
   564 | D:1      | Learned a level 3 spell: Spider Form
   567 | D:1      | Learned a level 2 spell: Wereblood
   924 | D:2      | Reached skill level 4 in Unarmed Combat
  1120 | D:2      | Found a snail-covered altar of Cheibriados.
  1267 | D:2      | Reached XP level 4. HP: 21/32 MP: 5/7
  1557 | D:3      | Found an iron altar of Okawaru.
  1634 | D:3      | Identified the +1 plate armour of Freedom {Str+5}
  1815 | D:3      | Noticed a water elemental
  1816 | D:3      | Found a stormy altar of Qazlal.
  1819 | D:3      | Noticed an air elemental
  1819 | D:3      | Noticed a fire elemental
  1819 | D:3      | Noticed an earth elemental
  1907 | D:3      | Found an ancient bone altar of Kikubaaqudgha.
  1910 | D:3      | Found an ornate altar of the Wu Jian Council.
  1910 | D:3      | Found a hazy altar of Hepliaklqana.
  1922 | D:3      | Found a shimmering altar of Xom.
  1926 | D:3      | Found a basalt altar of Yredelemnul.
  1942 | D:3      | Became a worshipper of Hepliaklqana the Forgotten
  2026 | D:3      | Noticed Sigmund
  2046 | D:3      | Killed Sigmund
  2047 | D:3      | Reached skill level 5 in Unarmed Combat
  2047 | D:3      | Reached skill level 1 in Poison Magic
  2047 | D:3      | Reached XP level 5. HP: 15/38 MP: 7/9
  2047 | D:3      | Reached XP level 6. HP: 18/44 MP: 7/10
  2563 | D:4      | Found a glowing silver altar of Zin.
  2610 | D:4      | Reached * piety under Hepliaklqana
  2787 | D:4      | Found Zatrinorche's Weapon Emporium.
  2948 | D:4      | Noticed a black bear
  2959 | D:4      | Killed a black bear
  2960 | D:4      | Reached skill level 1 in Stealth
  3058 | D:4      | Learned a level 4 spell: Ice Form
  3376 | D:5      | Entered Level 5 of the Dungeon
  3387 | D:5      | Reached XP level 7. HP: 37/45 MP: 12/12
  3573 | D:5      | Found a staircase to the Ecumenical Temple.
  3596 | Temple   | Entered the Ecumenical Temple
  4041 | D:5      | Reached ** piety under Hepliaklqana
  4042 | D:5      | Remembered your ancestor Second Child as a knight
  4049 | D:5      | Reached skill level 1 in Ice Magic
  4185 | D:5      | Found a hide-covered altar of Uskayaw.
  4195 | D:5      | Reached skill level 5 in Transmutations
  4498 | D:5      | Reached skill level 6 in Unarmed Combat
  4753 | D:6      | Reached XP level 8. HP: 34/51 MP: 14/14
  4886 | D:6      | Reached skill level 1 in Shields
  5496 | D:7      | Reached skill level 7 in Unarmed Combat
  5598 | D:7      | Found a flagged portal.
  5609 | Bailey   | Entered a bailey
  5922 | Bailey   | Reached XP level 9. HP: 6/57 MP: 11/16
  6213 | D:7      | Learned a level 2 spell: Passwall
  6234 | D:7      | Reached *** piety under Hepliaklqana
  6251 | D:7      | Found a sacrificial altar of Ru.
  6391 | D:7      | Reached skill level 5 in Dodging
  6394 | D:7      | Reached skill level 5 in Spellcasting
  6673 | D:7      | Identified the +4 falchion "Lafygoxt" {drain, *Slow rElec
                  | Int+3 Dex+3}
  6797 | D:7      | Found a runed translucent gate.
  6797 | D:7      | Found a runed translucent gate.
  6797 | D:7      | Found a runed translucent gate.
  6805 | D:7      | Noticed tmaa's ghost (novice MiFi)
  7592 | D:8      | Found a staircase to the Lair.
  7722 | D:8      | Reached skill level 1 in Invocations
  8124 | D:8      | Found a snail-covered altar of Cheibriados.
  8326 | D:8      | Reached skill level 8 in Unarmed Combat
  8581 | D:8      | Reached XP level 10. HP: 16/64 MP: 15/18
  9051 | D:9      | Reached **** piety under Hepliaklqana
  9175 | D:9      | Found a blossoming altar of Fedhas.
  9446 | D:9      | Reached skill level 9 in Unarmed Combat
  9476 | D:9      | Reached skill level 5 in Ice Magic
  9738 | D:10     | Entered Level 10 of the Dungeon
  9818 | D:10     | Reached skill level 5 in Poison Magic
  9845 | D:10     | Slain by a yak

Illustrated notes

Levels and vault maps discovered:
D:1:      minmay_arrival_up_and_down, layout_rooms,
          ebering_ecumenical_altar_abandoned, minmay_tiny_reverse_x
D:2:      layout_basic, basic_altar, lightli_corner_chamber
D:3:      layout_basic, okawaru_gym_becter, nicolae_qazlal_style_of_elements,
          minmay_overflow_temple_star_hex, uniq_sigmund
D:4:      layout_gridville, zin_academy, serial_shops,
          nicolae_shop_bloodbath_and_beyond
D:5:      layout_cave_pools, nicolae_uskayaw_dance_hall,
          minmay_temple_entry_enclosed_plants, lightli_sewer_entry_pipes
D:6:      layout_basic
D:7:      layout_basic, nicolae_ru_great_annihilating_truth, enter_bailey_8,
          gammafunk_ghost_necromancy, grunt_decor_mini_mirrors,
          amcnicky_mini_pool_small
D:8:      minmay_octagon_keep, layout_loops_ring,
          mainiacjoe_overflow_small_starburst, nicolae_grassy_gnolls
D:9:      layout_irregular_city, old_standard_altar
D:10:     layout_rooms, nicolae_sif_muna_condensation
Temple:   nicolae_temple_bog_church

Skill      XL: |  1  2  3  4  5  6  7  8  9 10 |
---------------+-------------------------------+-----
Transmutations | 3 4 5 6 7 |  7.8
Unarmed Combat | 4 5 6 7 8 9 |  9.5
Dodging        | 3 4 5 7 |  7.1
Fighting       | 2 3 4 |  4.8
Spellcasting   | 3 4 5 6 |  6.2
Poison Magic   | 1 2 3 4 5 |  5.0
Stealth        | 1 2 3 |  3.0
Ice Magic      | 1 3 4 5 |  5.1
Shields        | 1 |  1.2
Invocations    | 1 2 |  2.8

Action                     |  1- 3 |  4- 6 |  7- 9 | 10-12 || total
---------------------------+-------+-------+-------+-------++-------
  Melee: Unarmed           |   133 |    74 |   307 |    90 ||   604
         Headbutt          |    19 |    15 |    30 |     2 ||    66
         Punch             |     2 |     2 |     9 |       ||    13
         Tailslap          |       |       |     3 |       ||     3
   Cast: Beastly Appendage |    27 |    20 |    23 |     1 ||    71
         Spider Form       |       |       |    19 |     1 ||    20
         Wereblood         |       |       |     7 |     2 ||     9
         Ice Form          |       |       |     2 |     6 ||     8
         Passwall          |       |       |     1 |       ||     1
 Invoke: Ancestor Identity |       |     1 |       |       ||     1
         Ancestor Life: Kn |       |       |     1 |       ||     1
         Recall Ancestor   |       |       |     3 |       ||     3
         Transference      |       |       |     2 |       ||     2
Ability: End Transformatio |       |       |     1 |       ||     1
  Evoke: Wand              |       |     4 |    12 |       ||    16
    Use: Scroll            |       |     6 |     6 |     1 ||    13
         Potion            |       |     1 |    11 |       ||    12
   Stab: Sleeping          |     1 |     3 |     8 |       ||    12
         Paralysed         |       |       |     2 |       ||     2
 Armour: Robe              |    34 |     7 |    22 |     2 ||    65
         Skin              |       |       |     6 |    12 ||    18
  Dodge: Dodged            |    98 |    47 |   206 |    51 ||   402
  Block: Other             |       |       |    70 |    13 ||    83
         Reflection        |       |       |     3 |       ||     3
         Orb               |       |       |    11 |     3 ||    14

Table legend: (Time is in decaauts)
 A = Elapsed time spent in this place.
 B = Non-inter-level travel time spent in this place.
 C = Inter-level travel time spent in this place.
 D = Time resting spent in this place.
 E = Time spent auto-exploring this place.
 F = Levels seen in this place.
 G = Mean time per level.
                   A        B        C        D        E       F      G
               +--------+--------+--------+--------+--------+-----+--------+
         Total |   9721 |   9245 |    476 |    780 |   6392 |  12 |  810.1 |
       Dungeon |   8961 |   8485 |    476 |    659 |   6163 |  10 |  896.1 |
        Temple |    210 |    210 |      0 |      0 |    199 |   1 |  210.0 |
        Bailey |    550 |    550 |      0 |    121 |     29 |   1 |  550.0 |
               +--------+--------+--------+--------+--------+-----+--------+

Top non-repeatable levels by time:
     D:7: 1532 daAuts
     D:8: 1215 daAuts
     D:5: 1091 daAuts
     D:3: 967 daAuts
     D:2: 942 daAuts
     D:9: 929 daAuts
     D:4: 845 daAuts
     D:6: 729 daAuts
     D:1: 605 daAuts
  Bailey: 550 daAuts
  Temple: 210 daAuts
    D:10: 102 daAuts
